 Dungeon Crawl Stone Soup version 0.24-a0-516-g9de272bb65 (webtiles) character file.

Game seed: 12397149046678813957

251 Peloso the Covered (level 5, -15/47 HPs)
             Began as a Minotaur Fighter on July 22, 2019.
             Demolished by an ogre
             ... wielding a +0 giant club
              (23 damage)
             ... on level 4 of the Dungeon.
             The game lasted 00:03:43 (2278 turns).

Peloso the Covered (Minotaur Fighter)               Turns: 2278, Time: 00:03:44

Health: -15/47     AC:  8    Str: 25    XL:     5   Next: 88%
Magic:  4/4        EV:  8    Int:  9    God:
Gold:   131        SH: 10    Dex: 11    Spells: 4/4 levels left

rFire    . . .     SeeInvis .   a - +0 long sword
rCold    . . .     Gourm    .   c - +0 shield
rNeg     . . .     Faith    .   b - +0 scale mail
rPois    .         Spirit   .   (helmet restricted)
rElec    .         Reflect  .   (no cloak)
rCorr    .         Harm     .   i - +0 pair of gloves
MR       .....                  (no boots)
Stlth    ..........             (no amulet)
HPRegen  0.15/turn              h - +4 ring of intelligence
MPRegen  0.09/turn              (no ring)

@: mighty
A: retaliatory headbutt, horns 2
a: no special abilities


You were on level 4 of the Dungeon.
You were hungry.

You visited 1 branch of the dungeon, and saw 4 of its levels.

You collected 131 gold pieces.

Inventory:

Hand Weapons
 a - a +0 long sword (weapon)
Armour
 b - a +0 scale mail (worn)
 c - a +0 shield (worn)
 i - a +0 pair of gloves (worn)
Jewellery
 h - a +4 ring of intelligence (left hand)
Scrolls
 j - 3 scrolls of enchant armour {unknown}
 l - 3 scrolls of magic mapping {unknown}
 m - 4 scrolls of teleportation {unknown}
 n - a scroll of identify {unknown}
 o - 3 scrolls of fog {unknown}
 q - a scroll of blinking {unknown}
Potions
 e - a potion of berserk rage {unknown}
 g - 2 potions of agility {unknown}
 k - 2 potions of heal wounds {unknown}
 p - a potion of ambrosia {unknown}
 r - a potion of lignification {unknown}
Comestibles
 f - 5 rations


   Skills:
 + Level 4.5 Fighting
 + Level 4.9 Long Blades
 + Level 5.3 Armour
 + Level 0.5 Dodging
 + Level 4.5 Shields


You had 4 spell levels left.
You didn't know any spells.
Your spell library was empty.

Dungeon Overview and Level Annotations

Branches:
Dungeon (4/15)
 Temple: D:4-7

Altars:
Ru
Vehumet
Zin
The Shining One
Beogh

Annotations:
D:4 3 runed translucent doors, TheNamelessOne's ghost, amateur DsFi


Innate Abilities, Weirdness & Mutations

You reflexively headbutt those who attack you in melee.
You have a pair of horns on your head.


Message History

The orc is moderately wounded.
The orc misses you.
You slash the orc!
You kill the orc!
The ogre hits you with a +0 giant club!
You closely miss the ogre.
You headbutt the ogre, but do no damage.
The ogre hits you with a +0 giant club!
You hit the ogre. Your headbutt misses the ogre.
The ogre is moderately wounded.
You block the ogre's attack.
You closely miss the ogre.
The ogre is moderately wounded.
The ogre hits you with a +0 giant club!!
* * * LOW HITPOINT WARNING * * *
A dart slug comes into view.
You slash the ogre!
The ogre is severely wounded.
The ogre hits you with a +0 giant club!!
You die...

########.#........###
###.#..........##
#...'........#..####
#.#.#...8...........
#.#.#...######+++###
#.#.###'#ooooW....oW
#.#.# #.#oooo#####..
#.#.# ###.###oo.oo##
#.#@# #.#8#o.8o.#8 ..
#.#O# #........... #.
#.# #8....[_[).. ..
#.# #. #.# #.. #.# .
#.##.# ....#.†#w#
(..Oo....#


You could see an ogre and a dart slug.

Vanquished Creatures
  A crimson imp (D:3)
  A hound skeleton (D:3)
  4 gnolls
  8 adders
  4 worms
  3 dart slugs
  A leopard gecko (D:2)
  2 orcs
  13 bats
  5 giant cockroaches
  3 goblins
  7 hobgoblins
  7 jackals
  8 kobolds
  2 quokkas
  A ball python (D:3)
  2 frilled lizards
  10 rats
82 creatures vanquished.

Notes
Turn   | Place    | Note
-------+----------+-------------------------------------------
     0 | D:1      | Peloso the Minotaur Fighter began the quest for the Orb.
     0 | D:1      | Reached XP level 1. HP: 19/19 MP: 0/0
    97 | D:1      | Reached XP level 2. HP: 26/27 MP: 1/1
   226 | D:1      | Reached skill level 4 in Armour
   242 | D:1      | Reached XP level 3. HP: 33/33 MP: 2/2
   666 | D:2      | Reached XP level 4. HP: 28/40 MP: 3/3
  1070 | D:2      | Found a sacrificial altar of Ru.
  1123 | D:2      | Found a glowing golden altar of the Shining One.
  1294 | D:2      | Found a glowing silver altar of Zin.
  1353 | D:3      | Found a radiant altar of Vehumet.
  1467 | D:3      | Reached XP level 5. HP: 41/47 MP: 4/4
  1661 | D:3      | Reached skill level 5 in Armour
  2207 | D:4      | Found a runed translucent gate.
  2207 | D:4      | Identified the +11 dagger of Causality {venom, Str+2 SInv}
  2207 | D:4      | Identified the +5 ring mail of the Abyss {Int+4}
  2207 | D:4      | Noticed TheNamelessOne's ghost (amateur DsFi)
  2208 | D:4      | Found a runed translucent gate.
  2209 | D:4      | Found a runed translucent gate.
  2209 | D:4      | Found a roughly hewn altar of Beogh.
  2260 | D:4      | Noticed an ogre
  2278 | D:4      | Demolished by an ogre

Levels and vault maps discovered:
D:1:      eino_arrival_cavern_a, layout_basic
D:2:      layout_loops_ring, nicolae_ru_the_path_less_chosen,
          lemuel_round_altar, lemuel_crystal_altar, minmay_door_square,
          kennysheep_small_spiral
D:3:      layout_basic, overflow_temple_1_default
D:4:      layout_basic, lemuel_round_altar, first_ration,
          biasface_ghost_orc_armoury, st_stairs_3

Skill      XL: |  1  2  3  4  5 |
---------------+----------------+-----
Fighting       | 4 |  4.5
Long Blades    | 3 4 |  4.9
Armour         | 4 5 |  5.3
Shields        | 4 |  4.5
Dodging        | |  0.5

Action                   |  1- 3 |  4- 6 || total
-------------------------+-------+-------++-------
Melee: Long sword        |    72 |   105 ||   177
       Headbutt          |    12 |    23 ||    35
  Use: Potion            |       |     1 ||     1
  Eat: Chunk             |       |     4 ||     4
Armor: Scale mail        |    44 |    39 ||    83
Dodge: Dodged            |    27 |    25 ||    52
Block: Shield            |    42 |    44 ||    86
       Rpst.: Long sword |     2 |     8 ||    10

Table legend:
 A = Non-vault XP
 B = Vault XP
 C = Vault XP percentage of total XP
 D = Non-vault monster count
 E = Vault monster count
 F = Vault count percentage of total count
                 A         B        C        D         E       F
            +---------+---------+-------+---------+---------+-------
      Total |     359 |       0 |   0.0 |      82 |       0 |   0.0
            +---------+---------+-------+---------+---------+-------
        D:1 |      62 |       0 |   0.0 |      28 |       0 |   0.0
        D:2 |      98 |       0 |   0.0 |      23 |       0 |   0.0
        D:3 |     194 |       0 |   0.0 |      29 |       0 |   0.0
        D:4 |       5 |       0 |   0.0 |       2 |       0 |   0.0
            +---------+---------+-------+---------+---------+-------
